Get step-by-step instructions on how to execute this build order below. Start the game timer, and the build order will tick by so you can play in parallel with StarCraft on a second screen or mobile device.

Game Time

  0:00

Last Step

  N/A

Next Step

  12  0:01  Probe  

Upcoming Step

  13  0:13  Probe  

Don't want to look back and forth between 2 screens? Try out our Overwolf App, the Spawning Tool Build Advisor to get an in-game overlay with this build!

Complete Build Order

  12  0:01  Probe  
  13  0:13  Probe  
  14  0:19  Pylon  
  14  0:25  Probe  
  15  0:37  Probe  
  16  0:49  Probe  
  17  1:01  Nexus  
  17  1:06  Probe  
  18  1:15  Gateway  
  18  1:19  Probe  
  18  1:23  Assimilator  
  19  1:31  Probe  
  20  1:34  Assimilator  
  20  1:43  Probe  
  21  1:55  Probe  
  21  1:59  Pylon  
  22  2:05  Pylon  
  22  2:07  Probe  
  23  2:09  Cybernetics Core  
  23  2:13  Probe  
  24  2:17  Zealot  
  24  2:19  Probe  
  27  2:26  Probe  
  28  2:31  Probe, Warp Gate  
  29  2:38  Probe  
  29  2:43  Probe  
  31  2:48  Stalker  
  31  2:50  Probe  
  34  2:56  Mothership Core  
  36  3:00  Twilight Council  
  36  3:03  Probe  
  37  3:08  Pylon  
  37  3:15  Probe  
  37  3:17  Probe  
  39  3:27  Probe  
  39  3:29  Probe  
  41  3:39  Probe  
  42  3:42  Forge  
  42  3:44  Gateway  
  42  3:48  Probe  
  43  3:49  Charge  
  43  3:51  Probe  
  44  3:57  Gateway  
  44  4:00  Probe  
  44  4:01  Gateway  
  45  4:03  Probe  
  46  4:15  Robotics Facility  
  46  4:16  Protoss Ground Weapons Level 1  
  46  4:27  Gateway  
  46  4:33  Pylon  
  46  4:58  Gateway  
  46  5:01  Gateway  
  46  5:02  Warp Prism  
  46  5:03  Zealot, Pylon  
  46  5:04  Zealot x3  
  56  5:08  Probe x2  
  58  5:20  Assimilator  
  58  5:21  Probe x2  
  59  5:25  Zealot x2, Assimilator  
  59  5:26  Zealot x3  
  70  5:40  Pylon  
  70  5:42  Pylon  
  70  5:43  Observer  
  70  5:44  Pylon x2  
  70  5:46  Pylon  
  70  6:03  Zealot x2  
  70  6:04  Zealot x3  
  76  6:22  Nexus  
  76  6:25  Zealot x4  
  74  6:26  Sentry x3  
  66  6:47  Zealot x4  
  74  6:57  Templar Archives  
  74  6:58  Zealot x3  
  72  7:14  Zealot x4  
  78  7:19  Zealot x2  
  78  7:20  Zealot  
  78  7:21  Probe x2  
  62  7:37  Psionic Storm  
  62  7:38  Probe x2  
  62  7:40  Probe  
  61  7:50  Probe  
  62  7:52  Probe  
  62  7:53  Probe  
  64  8:01  High Templar x2  
  64  8:02  Probe, High Templar  
  64  8:03  High Templar  
  64  8:05  Probe  
  74  8:14  Zealot x3  
  74  8:18  Probe x3  
  77  8:31  Probe x3  
  77  8:34  Immortal  
  82  8:35  Protoss Ground Weapons Level 2  
  82  8:46  Zealot x3  
  88  8:58  Probe x3  
  91  9:08  High Templar x2  
  89  9:10  Probe x3  
  89  9:14  Pylon  
  89  9:15  Immortal  
  89  9:16  Pylon  
  96  9:18  Assimilator  
  96  9:20  Assimilator  
  96  9:27  Probe x3  
  99  9:33  Sentry  
  99  9:34  Sentry x2  
  99  9:35  Zealot x2  
  109  9:40  Nexus  
  109  9:42  Pylon  
  109  9:54  Zealot  
  109  10:05  Sentry x4  
  109  10:06  Zealot x3  
  123  10:11  Blink  
  123  10:17  Gateway  
  123  10:18  Gateway  
  123  10:21  Gateway  
  123  10:24  Gateway  
  123  10:25  Dark Shrine  
  123  10:26  Gateway  
  123  10:27  Zealot x3  
  129  10:28  Zealot x2  
  129  10:29  Zealot x2  
  129  10:30  Pylon  
  129  10:31  Pylon  
  129  10:34  Pylon  
  125  10:51  Zealot x5  
  125  10:52  Zealot  
  125  10:54  Archon  
  125  10:55  Archon  
  125  10:57  Zealot  
  121  11:05  Probe x3  
  121  11:10  Protoss Ground Armor Level 1  
  121  11:11  Immortal  
  128  11:13  Zealot x6  
  140  11:24  Assimilator  
  140  11:26  Assimilator  
  140  11:27  Photon Cannon  
  140  11:28  Photon Cannon  
  140  11:31  Photon Cannon  
  140  11:32  Pylon  
  136  11:34  Probe  
  136  11:35  Probe  
  136  11:36  High Templar x5  
  136  11:38  Zealot  
  136  11:39  Zealot x4  
  150  11:42  Zealot  
  150  11:43  Zealot  
  154  11:57  Immortal, Pylon  
  158  12:33  Nexus  
  158  12:35  Pylon  
  154  12:38  Stalker  
  154  12:39  Stalker x8  
  154  12:41  High Templar x3  
  154  12:43  Archon  
  178  12:51  Gateway  
  178  13:05  Zealot x5  
  186  13:06  Dark Templar, Zealot x2  
  186  13:08  Zealot